AoeStats
← Dragonhell0106

Four Lakes

510213350Analyzed
1v1 RM · 1d ago on Sep 30, 2026· 41m 35s· 2 players
Game mode
Random Map
Map size
Tiny (2 player)
Population
200
Speed
Normal
Resources
Standard
Victory
Conquest
Starting age
Dark Age
Ending age
Imperial Age
RankedLock teamsTeams togetherTeam positionsShared explorationLock speedFull tech treeHidden civsTurbo modeCheats
Victory
Defeat
🇨🇴 Burgundians · Colombia
651
+15
🇳🇱 Japanese · Netherlands
628
-15
I don't care anymore
6:19 Loom
11:12 Feudal Age
12:09 Double-Bit Axe
13:21 Town Watch
14:12 Wheelbarrow
17:27 Castle Age
19:21 Bow Saw
20:10 Squires
22:21 Arson
30:20 Hand Cart
36:11 Imperial Age
33:25 Treadmill Crane
33:56 Masonry
33:44 Stone Mining
35:36 Gold Mining
36:07 Murder Holes
38:06 Chemistry
Dragonhell0106
3:26 Double-Bit Axe
6:47 Loom
8:19 Fishing Lines
14:33 Feudal Age
15:33 Gillnets
16:58 Bow Saw
21:00 Castle Age
19:34 Scale Barding Armor
19:41 Forging
20:44 Fletching
24:56 Wheelbarrow
24:18 Gold Mining
34:44 Imperial Age
33:06 Medium Warships
33:20 Cavalier
34:46 Gold Shaft Mining
38:36 Husbandry
39:29 Chain Barding Armor
39:48 Iron Casting
Connection lost

Rejoining the realm…

Still unreachable

The connection could not be restored.

Session expired

The server has moved on; the page needs a fresh start.